 Dungeon Crawl Stone Soup version 0.28-a0-178-ga708605c5b (webtiles) character file.

Game seed: 15861893913693459801

32 rabbitsville the Magician (level 3, -2/19 HPs)
             Began as a Tengu Hedge Wizard on Aug 17, 2021.
             Killed from afar by Sigmund (10 damage)
             ... with a puff of flame
             ... on level 2 of the Dungeon.
             The game lasted 00:11:32 (1383 turns).

rabbitsville the Magician (Tengu Hedge Wizard)      Turns: 1383, Time: 00:11:32

Health: -2/19      AC:  2    Str: 10    XL:     3   Next: 27%
Magic:  8/8        EV: 12    Int: 15    God:
Gold:   53         SH:  0    Dex: 13    Spells: 7/8 levels left

rFire   . . .      SeeInvis .   a - +0 dagger
rCold   . . .      Faith    .   (no shield)
rNeg    . . .      Spirit   .   b - +0 robe
rPois   .          Reflect  .   c - +0 hat
rElec   .          Harm     .   (no cloak)
rCorr   .          Rampage  .   (no gloves)
Will    .....                   (boots unavailable)
Stlth   ++........              (no amulet)
HPRegen 0.06/turn               (no ring)
MPRegen 0.11/turn               (no ring)

@: no status effects
A: beak, talons 3
a: no special abilities


You were on level 2 of the Dungeon.
You visited 1 branch of the dungeon, and saw 2 of its levels.

You collected 53 gold pieces.

Inventory:

Hand Weapons
 a - a +0 dagger (weapon)
Armour
 b - a +0 robe (worn)
 c - a +0 hat (worn)
Jewellery
 f - a ring of flight
Scrolls
 d - 2 scrolls of identify {unknown}
Potions
 e - a potion of ambrosia {unknown}
 g - a potion of brilliance {unknown}


   Skills:
 + Level 0.1 Short Blades
 - Level 2.1 Dodging
 - Level 2.0 Stealth
 * Level 3.2 Spellcasting
 * Level 2.6 Conjurations
 + Level 1.9 Summonings
 * Level 1.3 Translocations
 + Level 0.2 Air Magic


You had 7 spell levels left.
You knew the following spells:

 Your Spells              Type           Power      Damage    Failure   Level
a - Magic Dart            Conj           40%        1d5       7%          1

Your spell library contained the following spells:

 Spells                   Type           Power      Damage    Failure   Level
 Call Imp                 Summ           8%         N/A       14%         2
 Blink                    Tloc           N/A        N/A       17%         2
 Slow                     Hex            2%         N/A       30%         2
 Conjure Flame            Conj/Fire      6%         6-21      34%         3
 Mephitic Cloud           Conj/Pois/Air  5%         N/A       36%         3
 Summon Lightning Spire   Summ/Air       5%         N/A       77%         4
 Storm Form               Tmut/Air       1%         N/A       100%        7
 Maxwell's Capacitive Co  Air            1%         ∞         100%        8


Dungeon Overview and Level Annotations

Branches:
Dungeon (2/15)

Altars:

Annotations:
D:2 Sigmund


Innate Abilities, Weirdness & Mutations

You have a beak for a mouth.
You have claws for feet.


Message History

There is a stone staircase leading down here.
You climb downwards.
Found a robe.
There is a stone staircase leading up here.
You see here a +0 robe.
You open the door.
There is an open door here.
Found a book of Minor Magic.
Found a stone staircase leading down.
You see here a book of Minor Magic.
You pick up a book of Minor Magic and begin reading...
Unfortunately, you learned nothing new.
Okay, then.
A hobgoblin comes into view.
The helpless hobgoblin fails to defend itself.
You hit the hobgoblin.
You kill the hobgoblin!
You see here a hobgoblin corpse.
Sigmund the Dreaded comes into view.
He is wielding a +0 scythe and carrying a wand of flame (22).
Sigmund shouts!
Sigmund giggles. "Time to reap what you sow."
Sigmund looks at you with fury.
Sigmund says, "You will soon forget everything."
Sigmund gestures at you while chanting.
You are confused.
You bump into the rock wall.
You feel less confused. Sigmund casts a spell at you.
You resist with significant effort.
Sigmund screams, "Only death can liberate you!"
Sigmund gestures at you while chanting. You resist with significant effort.
You open the door.
There is an open door here.
Sigmund zaps a wand.
The puff of flame hits you!
Ouch! That really hurt!
Sigmund points at you and mumbles some strange words.
The puff of flame hits you!
Ouch! That really hurt!
You die...

#######.###
#†........# #.#
#.##.####.# ##'##
#.##.# #.# ##...##
#.##.## #.# # .....
##<....## #.##>.# #.#
.....#
##.......###.##..###.#
.#...##
#....[....##..........
.....
+.........+.......##..
#...#
#....@....##..........
...
##.......####.#..####.
#.# ##.....## #.##..#
#. #.# ##...##
#.###.###. #.# ##'##
#......... #@# #.#
#####.#### #.# #.# #.#
#.# ######@##### #.#
#.# ##..........# #.#


You could see Sigmund.

Vanquished Creatures
  3 dart slugs (D:1)
  2 bats (D:1)
  2 endoplasms (D:1)
  2 giant cockroaches (D:1)
  4 goblins (D:1)
  3 hobgoblins
  4 ball pythons (D:1)
  A frilled lizard (D:1)
  A kobold (D:1)
  2 rats (D:1)
24 creatures vanquished.

Notes
Turn   | Place    | Note
-------+----------+-------------------------------------------
     0 | D:1      | rabbitsville the Tengu Hedge Wizard began the quest for the
                  | Orb.
     0 | D:1      | Reached XP level 1. HP: 10/10 MP: 5/5
   110 | D:1      | Reached skill level 1 in Translocations
   110 | D:1      | Reached XP level 2. HP: 15/15 MP: 1/7
   256 | D:1      | Found a faded altar of an unknown god.
   771 | D:1      | Reached XP level 3. HP: 19/19 MP: 6/8
  1352 | D:2      | Noticed Sigmund
  1383 | D:2      | Killed from afar by Sigmund

Illustrated notes

Levels and vault maps discovered:
D:1:      mrwooster_arrival_statue_3, layout_basic, basic_ecumenical_altar
D:2:      layout_loops_corners, ebering_dispersal_statue_hall, uniq_jessica,
          uniq_sigmund

Skill      XL: |  1 |
---------------+----+-----
Conjurations   | 2 |  2.6
Translocations | 1 |  1.3
Short Blades   | |  0.1
Dodging        | |  2.1
Stealth        | |  2.0
Spellcasting   | |  3.2
Summonings     | |  1.9
Air Magic      | |  0.2

Action                   || total
-------------------------++-------
Melee: Dagger            ||    20
       Kick              ||     5
       Peck              ||     3
 Cast: Magic Dart        ||    35
 Stab: Sleeping          ||     4
Armor: Robe              ||     3
Dodge: Dodged            ||     9

Table legend: (Time is in decaauts)
 A = Elapsed time spent in this place.
 B = Non-inter-level travel time spent in this place.
 C = Inter-level travel time spent in this place.
 D = Time resting spent in this place.
 E = Time spent auto-exploring this place.
 F = Levels seen in this place.
 G = Mean time per level.
                   A        B        C        D        E       F      G
               +--------+--------+--------+--------+--------+-----+--------+
         Total |   1382 |   1382 |      0 |    380 |    550 |   2 |  691.0 |
       Dungeon |   1382 |   1382 |      0 |    380 |    550 |   2 |  691.0 |
               +--------+--------+--------+--------+--------+-----+--------+

Top non-repeatable levels by time:
     D:1: 1231 daAuts
     D:2: 151 daAuts
